Map: 옥사이드 - 래더

Players

Solar - Winner!

  • Race: Zerg Zerg
  • League: Master
  • Spawn Location: 1:00

Neeb

  • Race: Protoss Protoss
  • Spawn Location: 7:00

Event: Cheeseadelphia Winter Championship 2021

VOD

Have the link to the VOD?

Description

Time

  • Played on: Jan. 23, 2021, 4:57 p.m.
  • Length: 10:37

All games in this series

Show
View Real Time Build Order
Export as new Build Order

Solar Zerg - Winner!

Build Orders: Hatch First, Roach Hydra 

Get SALT Encoding   

  12  0:00  Drone  
  13  0:13  Overlord  
  13  0:17  Drone  
  14  0:31  Drone  
  15  0:41  Drone  
  16  0:50  Hatchery  
  16  0:51  Drone  
  16  0:55  Drone  
  17  0:59  Drone  
  18  1:05  Extractor  
  17  1:14  Spawning Pool  
  17  1:17  Drone  
  17  1:21  Drone  
  18  1:29  Drone  
  19  1:41  Drone  
  20  2:02  Zergling x6  
  20  2:03  Queen x2  
  27  2:13  Overlord  
  28  2:21  Metabolic Boost  
  28  2:24  Drone  
  28  2:33  Drone  
  28  2:34  Drone  
  28  2:36  Drone  
  31  2:45  Hatchery  
  30  2:51  Queen  
  30  2:56  Overlord  
  32  2:59  Drone  
  32  3:01  Drone  
  32  3:03  Drone  
  35  3:07  Drone  
  36  3:16  Drone  
  36  3:17  Drone  
  36  3:18  Drone  
  36  3:19  Drone  
  40  3:21  Drone  
  39  3:29  Zergling x4  
  43  3:37  Overlord, Queen  
  43  3:42  Overlord  
  42  3:52  Spore Crawler, Drone  
  42  3:53  Queen  
  44  3:57  Drone x2  
  44  3:58  Drone x2  
  44  4:00  Drone  
  44  4:01  Spore Crawler  
  48  4:05  Queen  
  48  4:06  Drone  
  51  4:12  Drone  
  51  4:13  Zergling x4  
  51  4:14  Drone  
  55  4:17  Drone x2  
  55  4:20  Overlord  
  56  4:24  Zergling x4  
  56  4:25  Zergling x2  
  56  4:27  Drone  
  56  4:28  Spore Crawler  
  56  4:30  Drone  
  60  4:32  Drone  
  60  4:35  Drone x2  
  60  4:38  Zergling x2  
  64  4:43  Overlord  
  64  4:44  Drone  
  64  4:47  Lair  
  64  4:48  Drone  
  64  4:52  Extractor x2  
  63  4:53  Roach Warren  
  63  4:54  Drone x2  
  63  4:57  Zergling x2  
  63  4:58  Zergling x2  
  66  5:00  Zergling x4  
  66  5:02  Zergling x2  
  66  5:04  Drone  
  66  5:06  Drone  
  69  5:08  Drone x2  
  69  5:13  Overlord  
  71  5:15  Drone  
  71  5:16  Drone  
  71  5:17  Drone  
  71  5:19  Drone  
  71  5:20  Drone  
  77  5:21  Drone  
  77  5:23  Drone x2  
  77  5:28  Extractor, Drone  
  79  5:29  Extractor  
  79  5:31  Overlord  
  79  5:33  Drone  
  79  5:35  Drone  
  80  5:40  Drone x3, Evolution Chamber  
  81  5:43  Extractor  
  81  5:47  Drone, Overseer  
  81  5:48  Drone  
  83  5:50  Drone x3  
  83  5:54  Overlord, Drone x2  
  87  6:01  Drone  
  87  6:02  Hydralisk Den, Drone  
  87  6:03  Drone  
  89  6:04  Queen  
  89  6:08  Drone  
  92  6:16  Zerg Missile Weapons Level 1  
  91  6:21  Drone  
  91  6:22  Hatchery  
  91  6:23  Baneling Nest  
  91  6:25  Overlord  
  90  6:27  Drone  
  90  6:29  Glial Reconstitution  
  90  6:31  Hydralisk x4  
  99  6:34  Grooved Spines  
  99  6:35  Roach  
  99  6:38  Roach  
  103  6:41  Roach  
  103  6:42  Overlord  
  103  6:43  Overlord  
  103  6:45  Roach  
  107  6:48  Roach  
  107  6:49  Overlord  
  107  6:53  Overlord  
  108  6:55  Overlord  
  108  6:56  Overlord  
  108  6:58  Overlord  
  108  6:59  Overlord  
  109  7:02  Ravager x3  
  109  7:03  Roach x2  
  109  7:06  Roach x2  
  109  7:08  Roach  
  121  7:10  Ravager x2  
  121  7:14  Roach x3  
  125  7:19  Hydralisk  
  125  7:20  Hydralisk x2  
  125  7:22  Zergling x4  
  124  7:23  Roach  
  120  7:30  Roach x3  
  120  7:31  Roach  
  120  7:34  Roach  
  116  7:37  Roach x2  
  116  7:42  Hydralisk x2  
  109  7:45  Hydralisk  
  109  7:49  Hydralisk  
  109  7:51  Ravager x2  
  115  7:54  Hydralisk x2  
  119  8:00  Hydralisk  
  119  8:01  Zergling x6  
  119  8:04  Zergling x6  
  127  8:06  Zergling x2  
  127  8:07  Zergling x2  
  127  8:09  Muscular Augments  
  129  8:15  Hydralisk  
  131  8:20  Overseer  
  131  8:22  Hydralisk  
  131  8:23  Zergling x4  
  131  8:24  Overlord  
  135  8:27  Hydralisk x2  
  135  8:30  Zergling x8  
  135  8:33  Ravager  
  144  8:34  Roach  
  144  8:37  Roach x2  
  144  8:39  Hydralisk  
  144  8:40  Zergling x2  
  152  8:44  Queen  
  152  8:47  Hydralisk  
  156  8:48  Roach  
  156  8:51  Ravager  
  156  8:52  Zergling x6  
  162  8:56  Hydralisk  
  162  8:57  Zergling x2  
  162  8:58  Ravager  
  162  8:59  Roach  
  168  9:03  Overlord  
  168  9:06  Roach x3  
  176  9:10  Roach  
  175  9:17  Ravager  
  175  9:22  Roach x4  
  181  9:27  Zergling x14  
  181  9:29  Zergling x2  
  181  9:33  Roach  
  181  9:34  Roach  
  181  9:36  Zergling x6  
  175  9:38  Hydralisk  
  175  9:42  Hydralisk x2  
  175  9:45  Roach  
  167  9:48  Roach x2  
  167  9:50  Roach  
  167  9:52  Roach  
  161  9:54  Roach  
  161  9:56  Roach  
  161  9:57  Roach  
  161  9:59  Roach  
  150  10:01  Roach  
  150  10:04  Hydralisk  
  150  10:06  Hydralisk  
  141  10:11  Hydralisk x2  
  136  10:15  Roach  
  136  10:17  Roach  
  114  10:30  Ravager  
Show
View Real Time Build Order
Export as new Build Order

Neeb Protoss 

Build Orders: Nexus First, Oracle Opening 

Get SALT Encoding   

  12  0:00  Probe  
  13  0:12  Probe  
  14  0:19  Pylon  
  14  0:24  Probe  
  15  0:37  Probe (Chrono Boost)  
  16  0:47  Probe (Chrono Boost)  
  17  0:51  Probe (Chrono Boost)  
  18  1:04  Nexus  
  18  1:15  Forge  
  18  1:23  Gateway  
  18  1:26  Probe  
  19  1:37  Pylon  
  19  1:43  Probe (Chrono Boost)  
  19  1:46  Assimilator x2  
  21  1:59  Probe  
  21  2:11  Photon Cannon  
  21  2:12  Probe (Chrono Boost)  
  22  2:16  Cybernetics Core  
  22  2:17  Probe (Chrono Boost)  
  24  2:24  Probe (Chrono Boost)  
  24  2:26  Probe (Chrono Boost)  
  24  2:28  Zealot  
  24  2:29  Probe (Chrono Boost)  
  27  2:31  Probe (Chrono Boost)  
  29  2:37  Pylon  
  29  2:38  Probe  
  29  2:43  Probe  
  31  2:50  Probe  
  32  2:55  Adept (Chrono Boost)  
  32  2:56  Stargate  
  34  3:00  Probe  
  34  3:03  Probe  
  36  3:09  Warp Gate  
  36  3:12  Pylon  
  36  3:21  Probe  
  36  3:22  Adept (Chrono Boost), Probe  
  37  3:33  Probe  
  38  3:36  Probe  
  38  3:37  Oracle (Chrono Boost)  
  42  3:45  Probe  
  42  3:47  Adept  
  42  3:48  Probe  
  46  3:55  Pylon  
  46  3:57  Probe  
  46  4:00  Probe  
  48  4:04  Void Ray  
  48  4:06  Pylon  
  48  4:09  Probe  
  49  4:13  Probe  
  54  4:17  Assimilator  
  54  4:18  Assimilator  
  54  4:22  Probe  
  55  4:25  Probe  
  55  4:29  Robotics Facility  
  56  4:37  Nexus  
  56  4:39  Probe  
  57  4:57  Gateway x2  
  57  4:58  Sentry  
  59  5:12  Protoss Ground Weapons Level 1 (Chrono Boost)  
  59  5:14  Gateway  
  59  5:15  Gateway  
  59  5:16  Gateway  
  59  5:24  Immortal (Chrono Boost)  
  59  5:27  Pylon  
  62  5:33  Pylon  
  62  5:36  Nexus  
  62  5:37  Pylon  
  62  5:45  Probe x2  
  62  5:49  Pylon, Immortal (Chrono Boost)  
  64  5:51  Sentry x2  
  64  5:53  Sentry  
  74  5:58  Probe  
  74  6:01  Probe  
  76  6:06  Pylon  
  76  6:15  Sentry  
  76  6:16  Stalker, Warp Prism (Chrono Boost), Sentry  
  84  6:19  Stalker  
  84  6:20  Probe  
  84  6:22  Probe  
  88  6:26  Shield Battery  
  88  6:35  Stalker  
  88  6:36  Stalker  
  88  6:38  Probe x2  
  94  6:41  Observer (Chrono Boost)  
  94  6:44  Stalker  
  97  6:55  Probe x3  
  97  6:58  Stalker  
  97  6:59  Stalker x2  
  106  7:12  Stalker x3  
  106  7:19  Probe  
  105  7:25  Stalker x3  
  97  7:43  Stalker x3  
  95  7:46  Probe (Chrono Boost)  
  95  7:47  Probe (Chrono Boost)  
  95  7:49  Probe (Chrono Boost)  
  95  7:50  Immortal (Chrono Boost)  
  94  7:53  Twilight Council  
  94  7:56  Assimilator  
  94  7:57  Assimilator  
  98  8:01  Probe x2 (Chrono Boost)  
  98  8:04  Probe (Chrono Boost)  
  101  8:07  Probe x2 (Chrono Boost)  
  101  8:08  Sentry x2  
  101  8:10  Probe  
  108  8:15  Pylon, Probe x2  
  110  8:20  Immortal (Chrono Boost)  
  110  8:23  Probe  
  110  8:25  Pylon  
  115  8:30  Photon Cannon  
  115  8:31  Photon Cannon  
  115  8:32  Stalker  
  117  8:39  Pylon  
  117  8:50  Immortal (Chrono Boost)  
  117  8:51  Charge  
  117  8:55  Gateway, Observer  
  121  8:56  Gateway  
  121  9:08  Zealot x5, Nexus  
  131  9:13  Zealot  
  132  9:19  Pylon x2  
  132  9:21  Immortal (Chrono Boost)  
  136  9:29  Sentry x2  
  136  9:30  Sentry, Stalker x2  
  130  9:39  Stalker  
  124  9:51  Stalker x2  
  113  9:53  Zealot x4  
  113  9:55  Immortal (Chrono Boost)  
  113  9:56  Stalker  
  107  10:03  Zealot  
  99  10:13  Zealot x4  
  97  10:20  Probe  
  87  10:22  Probe  
  87  10:25  Stalker x2  
  82  10:34  Stalker x2  
Tags
 
Add a new tag
Caveats
  • Supply blocks, unpowered buildings, or Contaminate may cause inaccurate times.
  • Supply counts are checked every 10 seconds.